 Dungeon Crawl Stone Soup version 0.31-a0-799-g6bc09d010c (webtiles) character file.

Game seed: 2822885480399272167

620 ytrimaz the Ruffian (level 7, -13/30 HPs)
             Began as a White Draconian Shapeshifter on Sept 19, 2023.
             Killed from afar by Maggie (32 damage)
             ... with a bolt of fire
             ... on level 6 of the Dungeon.
             The game lasted 00:03:47 (4486 turns).

ytrimaz the Ruffian (White Draconian Shapeshifter)  Turns: 4486, Time: 00:03:47

Health: -13/30     AC:  6    Str: 16    XL:     7   Next: 22%
Magic:  7/7        EV: 12    Int: 11    God:
Gold:   253        SH:  0    Dex: 12    Spells: 6/6 levels left

rFire   . .          .
                       - Unarmed
rCold   + . .        (no shield)
rNeg    . . .        (body armour unavailable)
rPois   .            (helmet restricted)
rElec   .            (no cloak)
rCorr   +            (no gloves)
SInv    .            (no boots)
Will    .....        (no amulet)
Stlth   +            d - ring of resist corrosion
HPRegen 0.25/turn    (no ring)
MPRegen 0.10/turn

%: no passive effects
@: short of breath, maw-form, mesmerised
A: devouring maw, reduced hp, breathe frost, AC +6, unfitting armour, cold
resistance 1, cold-blooded
a: Breathe Frost, Begin Untransformation


You were on level 6 of the Dungeon.
You were a creature with a mouth for a stomach.
You visited 1 branch of the dungeon, and saw 6 of its levels.

You collected 253 gold pieces.


Innate Abilities, Weirdness & Mutations

You are a creature with a mouth for a stomach.
Your midsection houses a second, enormous mouth.
Your maximum health is decreased, since you lack skill for your form.
You can breathe waves of freezing cold which knock back foes.
Your icy white scales are hard. (AC +6)
You cannot fit into any form of body armour.
Your flesh is cold resistant. (rC+)
You are cold-blooded and may be slowed by cold attacks.


   Skills:
 - Level 1.1 Fighting
 - Level 1.7 Dodging
 + Level 6.3 Unarmed Combat
 + Level 5.9 Shapeshifting


You had 6 spell levels left.
You didn't know any spells.
Your spell library contained the following spells:

 Spells                   Type           Power      Damage    Failure   Level
 Sting                    Tmut/Pois      0%         1d3       34%         1
 Lesser Beckoning         Tloc           0%         N/A       47%         2
 Poisonous Vapours        Pois/Air       0%         N/A       47%         2
 Frozen Ramparts          Ice            0%         1d1       71%         3
 Gell's Gravitas          Tloc           0%         N/A       71%         3
 Ignite Poison            Fire/Tmut/Pois 0%         N/A       71%         3
 Teleport Other           Tloc           0%         N/A       71%         3
 Olgreb's Toxic Radiance  Pois           0%         N/A       98%         4
 Petrify                  Tmut/Erth      0%         N/A       98%         4
 Sticky Flame             Conj/Fire      0%         2d3       98%         4
 Metabolic Englaciation   Hex/Ice        0%         N/A       100%        5
 Summon Forest            Summ/Tloc      0%         N/A       100%        5
 Eringya's Noxious Bog    Tmut/Pois      0%         4d6       100%        6
 Summon Hydra             Summ           0%         N/A       100%        7
 Discord                  Hex            0%         N/A       100%        8
 Ignition                 Fire           0%         3d3       100%        8

Inventory:

Jewellery
 d - a ring of resist corrosion (left hand)
   (You found it on level 1 of the Dungeon)
 g - a +6 ring of intelligence
   (You found it on level 1 of the Dungeon)
 h - a ring of positive energy
   (You found it on level 1 of the Dungeon)
Talismans
 b - a beast talisman
 c - a flux talisman
 t - a talisman of death
   (You found it on level 4 of the Dungeon)
 z - a maw talisman (active)
   (You found it on level 4 of the Dungeon)
Wands
 q - a wand of charming (9)
   (You found it on level 3 of the Dungeon)
 u - a wand of mindburst (16)
   (You found it on level 4 of the Dungeon)
 y - a wand of flame (29)
   (You found it on level 4 of the Dungeon)
Scrolls
 f - 2 scrolls of immolation {unknown}
 i - a scroll of amnesia {unknown}
 j - 2 scrolls of teleportation {unknown}
 m - 5 scrolls of identify {unknown}
 p - 2 scrolls of blinking {unknown}
 s - a scroll of fear {unknown}
 v - 2 scrolls of poison {unknown}
 A - a scroll of torment {unknown}
Potions
 a - 3 potions of lignification
 e - 2 potions of enlightenment {unknown}
 k - a potion of ambrosia {unknown}
 l - a potion of heal wounds {unknown}
 n - a potion of resistance {unknown}
 o - 2 potions of might {unknown}
 r - a potion of brilliance {unknown}
 w - a potion of curing {unknown}
 x - 2 potions of haste {unknown}

Dungeon Overview and Level Annotations

Branches:
Dungeon (6/15) Zot: 26987  Temple (0/1) D:4

Altars:
Ashenzari
Hepliaklqana
Okawaru
Ru
The Shining One

Shops:
D:5 (

Annotations:
D:6 Maggie

#.. # #..
...
#..####..#
#.......#
#<.# #..#
##.# #.##
#W.# ##@#
... ...#
....#
.....#
.......
######.


You could see Maggie (mesmerising).


Message History

You open the door.
There is an open door here.
You open the door.
There is an open door here.
Key pressed, stopping explore.
You open the door. 2 jackals come into view.
The jackal barks!
There are monsters nearby!
There are monsters nearby!
There are monsters nearby!
There are monsters nearby!
There are monsters nearby!
There are monsters nearby!
There are monsters nearby!
There are monsters nearby!
There are monsters nearby!
There are monsters nearby!
There are monsters nearby!
You exhale a wave of freezing cold.
The freezing breath hits the jackal!
You kill the jackal!
You hit the jackal but do no damage. Your bite misses the jackal.
The jackal misses you. The jackal barely misses you.
You closely miss the jackal. You bite the jackal, but do no damage.
The jackal closely misses you.
Unknown command.
You barely miss the jackal. You bite the jackal.
The jackal bites you but does no damage.
You hit the jackal but do no damage. You bite the jackal.
You kill the jackal!
There is an open door here.
You see here a jackal corpse.
Unknown command.
No target in view!
No target in view!
There is an open door here.
You see here a jackal corpse.
You have got your breath back.
There is an open door here.
There is an open door here.
Key pressed, stopping explore.
There is an open door here.
There is an open door here.
There is an open door here.
Key pressed, stopping explore.
There is an open door here.
Key pressed, stopping explore.
Key pressed, stopping explore.
As you open the door, it creaks loudly!
There is an open door here.
x - 2 ruby potions (gained 1) As you open the door, it creaks loudly!
There is an open door here.
You pick up a Young Poisoner's Handbook and begin reading...
You add the spells Sting and Poisonous Vapours to your library.
There is an open door here.
Done exploring.
Done exploring.
There is an open door here.
There is an open door here.
There is an open door here.
There is a stone staircase leading down here.
You climb downwards.
Maggie shouts!
There is a stone staircase leading up here.
Maggie is nearby!
Maggie is nearby!
Maggie casts a spell.
Maggie attempts to bespell you!
You easily resist.
Maggie hits you but does no damage.
You exhale a wave of freezing cold.
The freezing breath misses Maggie.
Maggie shouts, "Leave me alone!"
Maggie barely misses you.
Unknown command.
You closely miss Maggie. You tail-slap Maggie, but do no damage.
You bite Maggie. You punch Maggie! You tail-slap Maggie. You bite Maggie.
Maggie hits you with a +0 long sword! 😮 HP[-9]
You take 9 damage, and now have 21/30 hp.
MASSIVE DAMAGE!! (PAUSE)
You barely miss Maggie. Your bite misses Maggie.
Maggie casts a spell.
Maggie attempts to bespell you!
You are mesmerised by Maggie!
You hit Maggie. You bite Maggie. Maggie barely misses you.
You are too injured to fight recklessly!
You barely miss Maggie. You bite Maggie, but do no damage.
Maggie completely misses you.
Unknown command.
You closely miss Maggie. Your bite misses Maggie.
Maggie hits you with a +0 long sword. 😮 HP[-3]
You take 3 damage, and now have 18/30 hp.
You hit Maggie but do no damage.
Your tail-slap misses Maggie.
Your bite misses Maggie. Maggie gestures at you while chanting.
The bolt of fire hits you!!
Ouch! That really hurt!
You die...

Skill      XL: |  1  2  3  4  5  6 |
---------------+-------------------+-----
Unarmed Combat | 4 5 6 |  6.3
Shapeshifting  | 4 5 |  5.9
Fighting       | |  1.1
Dodging        | |  1.7

Action                     |  1- 3 |  4- 6 |  7- 9 || total
---------------------------+-------+-------+-------++-------
  Melee: Unarmed           |   104 |   126 |    23 ||   253
         Tailslap          |    12 |    17 |     3 ||    32
         Punch             |     2 |     6 |       ||     8
         Maw               |       |     5 |    11 ||    16
Ability: Breathe Frost     |       |       |     6 ||     6
   Stab: Sleeping          |     1 |     1 |       ||     2
 Armour: Skin              |    54 |    75 |    10 ||   139
  Dodge: Dodged            |    59 |    97 |    10 ||   166
   Form: Maw               |       |     1 |       ||     1

Levels and vault maps discovered:
D:1:      amcnicky_arrival_wind_blow, layout_basic, st_stairs_7
D:2:      layout_basic
D:3:      layout_basic, cheibrodos_ashenzari_chains,
          chequers_temple_overflow_statue_of_worship,
          nicolae_figureground_sparkle
D:4:      layout_basic, minmay_temple_entry_poolview, uniq_eustachio,
          uniq_robin, uniq_blork_the_orc
D:5:      layout_gridville, amcnicky_altar_gilded, nicolae_take_the_stairs,
          amcnicky_mini_pool_medium
D:6:      cheibrodos_barr_body, layout_layer_cave, grunt_qazlal_clouds,
          grunt_ministairs_8, uniq_maggie, uniq_jeremiah

Notes
Turn   | Place    | Note
-------+----------+-------------------------------------------
     0 | D:1      | ytrimaz the Draconian Shapeshifter began the quest for the
                  | Orb.
     0 | D:1      | Reached XP level 1. HP: 16/16 MP: 1/1
     0 | D:1      | magus.rc [v1.9.6]
   131 | D:1      | You add the spells Summon Forest, Eringya's Noxious Bog and
                  | Summon Hydra to your library.
   305 | D:1      | Reached XP level 2. HP: 23/23 MP: 2/2
   555 | D:1      | You pick up a book of Sloth and begin reading...
   555 | D:1      | You add the spells Frozen Ramparts, Petrify and Metabolic
                  | Englaciation to your library.
   809 | D:2      | Reached XP level 3. HP: 8/28 MP: 3/3
  1216 | D:2      | Reached skill level 4 in Unarmed Combat
  1591 | D:3      | You add the spells Ignite Poison, Sticky Flame and Ignition
                  | to your library.
  1740 | D:3      | Reached XP level 4. HP: 34/35 MP: 4/4
  1753 | D:3      | Reached skill level 4 in Shapeshifting
  1953 | D:3      | Found a broken altar of Ashenzari.
  2105 | D:3      | Found a hazy altar of Hepliaklqana.
  2105 | D:3      | Found a glowing golden altar of the Shining One.
  2107 | D:3      | Found an iron altar of Okawaru.
  2283 | D:4      | You pick up a book of Displacement and begin reading...
  2283 | D:4      | You add the spells Lesser Beckoning, Gell's Gravitas and
                  | Teleport Other to your library.
  2295 | D:4      | You add the spells Olgreb's Toxic Radiance and Discord to
                  | your library.
  2450 | D:4      | Noticed Blork the orc
  2461 | D:4      | Killed Blork the orc
  2462 | D:4      | Reached XP level 5. HP: 15/40 MP: 5/5
  2629 | D:4      | Found a staircase to the Ecumenical Temple.
  2669 | D:4      | Noticed Robin
  2696 | D:4      | Killed Robin
  2891 | D:4      | Noticed Eustachio
  2918 | D:4      | HP: 9/40 [Eustachio/+0 falchion (5)]
  2919 | D:4      | Killed Eustachio
  2920 | D:4      | Reached skill level 5 in Unarmed Combat
  2920 | D:4      | Reached skill level 5 in Shapeshifting
  2920 | D:4      | Reached XP level 6. HP: 11/47 MP: 6/6
  3556 | D:5      | Entered Level 5 of the Dungeon
  3602 | D:5      | Noticed a water moccasin
  3620 | D:5      | Killed a water moccasin
  3621 | D:5      | Reached skill level 6 in Unarmed Combat
  3621 | D:5      | Your scales start taking on an icy white colour.
  3621 | D:5      | Reached XP level 7. HP: 25/52 MP: 7/7
  3621 | D:5      | Gained mutation: Your flesh is cold resistant. (rC+) [White
                  | Draconian growth]
  3921 | D:5      | Found a sacrificial altar of Ru.
  4117 | D:5      | Found Fitich's Antique Weapon Shoppe.
  4413 | D:5      | You add the spells Sting and Poisonous Vapours to your
                  | library.
  4474 | D:6      | Noticed Maggie
  4486 | D:6      | Killed from afar by Maggie

Vanquished Creatures
  Eustachio (D:4)
  A water moccasin (D:5)
  Blork the orc (D:4)
  2 scorpions (D:5)
  A hound (D:5)
  An iguana (D:4)
  Robin (D:4)
  4 adders
  A shadow imp (D:5)
  A white imp (D:5)
  2 worms (D:2)
  A dart slug (D:2)
  5 orcs (D:3)
  7 endoplasms
  5 giant cockroaches
  12 goblins
  4 hobgoblins
  2 jackals (D:5)
  2 kobolds
  6 quokkas
  3 ball pythons
  3 bats
  3 frilled lizards
  3 rats
72 creatures vanquished.

Table legend:
 A = Non-vault XP
 B = Vault XP
 C = Vault XP percentage of total XP
 D = Non-vault monster count
 E = Vault monster count
 F = Vault count percentage of total count
                 A         B        C        D         E       F
            +---------+---------+-------+---------+---------+-------
      Total |     337 |     550 |  62.0 |      58 |      14 |  19.4
            +---------+---------+-------+---------+---------+-------
        D:1 |      21 |       2 |   8.7 |      13 |       1 |   7.1
        D:2 |      68 |       0 |   0.0 |      20 |       0 |   0.0
        D:3 |      51 |       0 |   0.0 |      13 |       0 |   0.0
        D:4 |      47 |     320 |  87.2 |       6 |      10 |  62.5
        D:5 |     150 |     228 |  60.3 |       6 |       3 |  33.3
            +---------+---------+-------+---------+---------+-------

Skill      XL: |  1  2  3  4  5  6 |
---------------+-------------------+-----
Unarmed Combat | 4 5 6 |  6.3
Shapeshifting  | 4 5 |  5.9
Fighting       | |  1.1
Dodging        | |  1.7

Action                     |  1- 3 |  4- 6 |  7- 9 || total
---------------------------+-------+-------+-------++-------
  Melee: Unarmed           |   104 |   126 |    23 ||   253
         Tailslap          |    12 |    17 |     3 ||    32
         Punch             |     2 |     6 |       ||     8
         Maw               |       |     5 |    11 ||    16
Ability: Breathe Frost     |       |       |     6 ||     6
   Stab: Sleeping          |     1 |     1 |       ||     2
 Armour: Skin              |    54 |    75 |    10 ||   139
  Dodge: Dodged            |    59 |    97 |    10 ||   166
   Form: Maw               |       |     1 |       ||     1

Illustrated notes

Table legend:
 A = Kills in this place as a percentage of kills in the entire game.
 B = Kills by you in this place as a percentage of kills by you in the entire game.
 C = Kills by friends in this place as a percentage of kills by friends in the entire game.
 D = Other kills in this place as a percentage of other kills in the entire game.
 E = Experience gained in this place as a percentage of experience gained in the entire game.
 F = Experience gained in this place divided by the number of levels of this place that you have seen.
                   A       B       C       D       E      F
               +-------+-------+-------+-------+-------+----------------------
         Total | 100.0 | 100.0 |   N/A |   N/A | 100.0 | 147.8
       Dungeon | 100.0 | 100.0 |   N/A |   N/A | 100.0 | 147.8
               +-------+-------+-------+-------+-------+----------------------

Table legend: (Time is in decaauts)
 A = Elapsed time spent in this place.
 B = Non-inter-level travel time spent in this place.
 C = Inter-level travel time spent in this place.
 D = Time resting spent in this place.
 E = Time spent auto-exploring this place.
 F = Levels seen in this place.
 G = Mean time per level.
                   A        B        C        D        E       F      G
               +--------+--------+--------+--------+--------+-----+--------+
         Total |   4466 |   4196 |    270 |      0 |   3602 |   6 |  744.3 |
       Dungeon |   4466 |   4196 |    270 |      0 |   3602 |   6 |  744.3 |
               +--------+--------+--------+--------+--------+-----+--------+

Top non-repeatable levels by time:
     D:4: 1292 daAuts
     D:5: 913 daAuts
     D:2: 794 daAuts
     D:1: 740 daAuts
     D:3: 713 daAuts
     D:6: 11 daAuts
